 Dungeon Crawl Stone Soup version 0.21.1-72-gffa868e (webtiles) character file.

5736 Madoushi the Fighter (level 10, -2/95 HPs)
             Began as a Minotaur Berserker on Aug 3, 2018.
             Was a High Priest of Trog.
             Slain by an Executioner (10 damage)
             ... on level 1 of the Abyss.
             The game lasted 00:36:23 (11546 turns).

Madoushi the Fighter (Minotaur Berserker)          Turns: 11546, Time: 00:36:24

Health: -2/95      AC: 14    Str: 26    XL:     10   Next: 48%
Magic:  9/9        EV: 11    Int:  4    God:    Trog [*****.]
Gold:   431        SH:  0    Dex:  9    Spells: 9/9 levels left

rFire    + . .     SeeInvis .   A - +2 flail (protect)
rCold    + . .     Gourm    .   (no shield)
rNeg     . . .     Faith    .   I - +2 chain mail {rC+}
rPois    .         Spirit   .   (helmet restricted)
rElec    .         Reflect  .   (no cloak)
rCorr    .         Harm     .   (no gloves)
MR       .....                  B - +0 pair of boots
Stlth    ..........             (no amulet)
HPRegen  0.25/turn              y - ring of wizardry
MPRegen  0.11/turn              H - ring of protection from fire

@: no status effects
A: retaliatory headbutt, horns 2
a: Berserk, Trog's Hand, Brothers in Arms, Burn Spellbooks, Renounce Religion


You were on level 1 of the Abyss.
You worshipped Trog.
Trog was extremely pleased with you.
You were very hungry.

You visited 1 branch of the dungeon, and saw 8 of its levels.
You visited the Abyss 1 time.

You collected 431 gold pieces.

Inventory:

Hand Weapons
 a - a +1 hand axe of flaming
 o - a +0 whip
 t - a cursed -3 hunting sling
 w - a +0 long sword
 x - a +0 fustibalus
 A - a +2 flail of protection (weapon)
 D - a -2 flail
 L - a +0 hand axe of draining
 N - a cursed -1 falchion
 Q - a +0 blowgun
Missiles
 l - 264 stones (quivered)
 p - 83 sling bullets
 v - 34 arrows
Armour
 b - a +0 animal skin
 k - a +0 leather armour
 q - a +1 ring mail
 r - a +0 troll leather armour
 B - a +0 pair of boots (worn)
 I - a +2 chain mail of cold resistance (worn)
Magical Staves
 n - an uncursed staff of wizardry {unknown}
Jewellery
 y - a ring of wizardry (left hand)
 H - a ring of protection from fire (right hand)
Wands
 O - a wand of polymorph (17)
Scrolls
 e - 2 scrolls of teleportation
 h - 2 scrolls of random uselessness
 j - 4 scrolls of remove curse
 s - a scroll of magic mapping
 z - a scroll of identify
 E - a scroll of fog
 M - a scroll of noise {unknown}
Potions
 d - 3 potions of degeneration
 f - 3 potions of brilliance
 g - 2 potions of curing
 i - a potion of mutation {unknown}
 m - 2 potions of berserk rage {unknown}
 u - a potion of cancellation {unknown}
 C - a potion of haste {unknown}
 F - a potion of flight {unknown}
 K - a potion of resistance {unknown}
 P - a potion of magic {unknown}
Comestibles
 c - 8 rations


   Skills:
 * Level 11.0 Fighting
 + Level 8.9(9.8) Axes
 + Level 6.5(8.7) Maces & Flails
 * Level 9.4 Armour
 + Level 7.1 Dodging


You had 9 spell levels left.
You didn't know any spells.

Dungeon Overview and Level Annotations

Branches:
Dungeon (8/15)             Temple (0/1) D:6
   Lair: D:8-11

Altars:
Okawaru

Shops:
D:6 [

Annotations:
D:8 Psyche


Innate Abilities, Weirdness & Mutations

You reflexively headbutt those who attack you in melee.
You have a pair of horns on your head.


Message History

The Executioner hits you! The Executioner hits you.
The Executioner hits you but does no damage. x2
The Executioner misses you. The Executioner completely misses you.
You closely miss the Executioner.
The Executioner hits you but does no damage. x2
The Executioner completely misses you. The Executioner gestures at you.
Pain shoots through your body!
* * * LOW HITPOINT WARNING * * *
The Executioner hits you!!
* * * LOW HITPOINT WARNING * * *
The Executioner hits you but does no damage. x2
As you read the scroll labeled QEDGHI PORPHIM, it crumbles to dust.
You speak a Word of immense power!
The Executioner convulses!
It was a scroll of holy word.
The Executioner hits you but does no damage. x2
The Executioner barely misses you.
The Executioner hits you but does no damage. x3
The Executioner hits you!
You die...

. . .##.# ..
... .... #..
#.. #.. ...#.
.# #_.##..##
..### .....!.
# . ##...
....
.##..#......
#..##.# ..
.....
#.#..#.#..#.
#. #@1..#
..##.#
#.#.....#..
.# ###....#.#
..# #.#.....#
..
#..#....##..#
.. ..###.# .
...#. ..#
..###(.. # .
. # .#


You could see an Executioner (dazed).

Vanquished Creatures
  A two-headed ogre (D:8)
  A thrashing horror (Abyss:1)
  The ghost of Madoushi the Fighter, a novice MiBe of Trog (D:7)
  The ghost of appiemonkey the Geomancer, a novice DDEE (D:6)
  A troll (D:5)
  A wyvern (D:8)
  Eustachio (D:4)
  Menkaure (D:6)
  2 ogres
  A sky beast (D:5)
  6 orc warriors
  A phantom (D:6)
  A black bear (D:7)
  An ice beast (D:8)
  A bullfrog (D:7)
  A water moccasin zombie (D:7)
  A scorpion (D:4)
  A water moccasin skeleton (D:8)
  3 killer bees (D:8)
  3 wights (D:8)
  A howler monkey (D:4)
  3 crimson imps
  A bullfrog zombie (D:3)
  2 hounds
  A centaur zombie (D:5)
  2 quasits
  2 jellies
  A centaur skeleton (D:4)
  9 orc priests
  4 orc wizards
  6 iguanas
  4 worker ants
  11 adders
  A shadow imp (D:5)
  2 worms
  4 dart slugs
  15 leopard geckos
  30 orcs
  4 bats
  8 giant cockroaches
  12 goblins
  5 hobgoblins
  17 jackals
  3 quokkas
  2 ball pythons (D:4)
  6 frilled lizards
  8 kobolds
  7 rats
201 creatures vanquished.

Vanquished Creatures (others)
  A plant (D:8)
1 creature vanquished.

Grand Total: 202 creatures vanquished

Notes
Turn   | Place    | Note
-------+----------+-------------------------------------------
     0 | D:1      | Madoushi the Minotaur Berserker began the quest for the Orb.
     0 | D:1      | Reached XP level 1. HP: 19/19 MP: 0/0
   291 | D:1      | Reached XP level 2. HP: 27/27 MP: 1/1
  1011 | D:1      | Reached skill level 4 in Fighting
  1039 | D:1      | Reached XP level 3. HP: 10/33 MP: 2/2
  1322 | D:1      | Reached ** piety under Trog
  2082 | D:2      | Reached XP level 4. HP: 37/41 MP: 3/3
  2776 | D:3      | Reached XP level 5. HP: 47/47 MP: 4/4
  2853 | D:3      | Reached *** piety under Trog
  3152 | D:3      | Reached skill level 5 in Fighting
  3152 | D:3      | Reached skill level 5 in Axes
  3698 | D:4      | Reached XP level 6. HP: 50/56 MP: 5/5
  4002 | D:4      | Reached skill level 6 in Fighting
  4214 | D:4      | Reached skill level 1 in Maces & Flails
  4214 | D:4      | Reached XP level 7. HP: 59/63 MP: 6/6
  4661 | D:5      | Entered Level 5 of the Dungeon
  4985 | D:5      | Found an iron altar of Okawaru.
  5055 | D:5      | Noticed Eustachio
  5080 | D:4      | Killed Eustachio
  5080 | D:4      | Reached **** piety under Trog
  5080 | D:4      | Reached skill level 7 in Fighting
  5168 | D:5      | Noticed a troll
  5173 | D:5      | Killed a troll
  5173 | D:5      | Reached skill level 5 in Armour
  5173 | D:5      | Reached XP level 8. HP: 38/73 MP: 7/7
  5844 | D:5      | Reached skill level 5 in Dodging
  5881 | D:5      | Reached skill level 8 in Fighting
  6028 | D:6      | Found a staircase to the Ecumenical Temple.
  6874 | D:6      | Noticed Menkaure
  6879 | D:6      | Noticed appiemonkey's ghost (novice DDEE)
  6882 | D:6      | Killed Menkaure
  6901 | D:6      | Killed appiemonkey's ghost
  6901 | D:6      | Reached skill level 9 in Fighting
  6901 | D:6      | Reached XP level 9. HP: 32/83 MP: 8/8
  6946 | D:6      | HP: 1/83 [orc wizard/puff of frost (7)]
  7548 | D:6      | Found Xeasef's Armour Shoppe.
  8018 | D:7      | Reached skill level 5 in Maces & Flails
  8021 | D:7      | Noticed Madoushi's ghost (novice MiBe)
  8040 | D:7      | Killed Madoushi's ghost
  9059 | D:8      | Reached ***** piety under Trog
  9065 | D:8      | Reached skill level 10 in Fighting
  9126 | D:8      | Noticed a two-headed ogre
 10169 | D:8      | Reached XP level 10. HP: 57/93 MP: 9/9
 10461 | D:8      | Killed a two-headed ogre
 11149 | D:8      | Noticed Psyche
 11452 | D:8      | Cast into level 1 of the Abyss (Psyche)
 11521 | Abyss:1  | Noticed a thrashing horror
 11533 | Abyss:1  | Found a corrupted altar of Lugonu.
 11541 | Abyss:1  | Killed a thrashing horror
 11541 | Abyss:1  | Reached skill level 11 in Fighting
 11542 | Abyss:1  | Noticed an Executioner
 11546 | Abyss:1  | Slain by an Executioner

Skill      XL: |  1  2  3  4  5  6  7  8  9 10 |
---------------+-------------------------------+-----
Axes           | 4 5 6 7 8 |  8.9
Fighting       | 4 5 6 7 9 10 11 | 11.0
Armour         | 3 4 5 6 8 9 |  9.4
Dodging        | 3 4 5 6 7 |  7.1
Maces & Flails | 1 3 4 5 6 |  6.5

Action                   |  1- 3 |  4- 6 |  7- 9 | 10-12 || total
-------------------------+-------+-------+-------+-------++-------
Melee: Hand axe          |    88 |   127 |       |       ||   215
       Headbutt          |     8 |    27 |    43 |    15 ||    93
       Flail             |       |    16 |   284 |    69 ||   369
       Unarmed           |       |       |       |    13 ||    13
  Use: Scroll            |     4 |     2 |     8 |     3 ||    17
       Potion            |       |       |     2 |       ||     2
  Eat: Chunk             |     4 |     7 |     5 |     3 ||    19
       Ration            |       |       |     4 |       ||     4
Armor: Animal skin       |     5 |       |       |       ||     5
       Ring mail         |     9 |    34 |   121 |       ||   164
       Leather armour    |     1 |       |       |       ||     1
       Chain mail        |       |       |    53 |    53 ||   106
Dodge: Dodged            |    66 |    98 |   252 |    60 ||   476
